[Event "*** Titled Tuesday Blitz"]
[Site "Chess.com"]
[Date "2019.12.03"]
[Round "4"]
[White "sergeikim"]
[Black "HanSchut"]
[Result "1-0"]
[WhiteElo "2495"]
[BlackElo "2329"]
[TimeControl "180+2"]
[EndTime "13:52:05 PST"]
[Termination "sergeikim won by resignation"]

1. d4 Nf6 2. c4 g6 3. Nc3 d5 4.
cxd5 Nxd5 5. e4 Nxc3 6. bxc3 Bg7 7. Bc4 c5 8. Ne2 Nc6 9. Be3 O-O 10. O-O Bg4 11. f3 cxd4 12. cxd4 Na5 13. Bd3 Be6 14. Qd2 Nc4 15. Bxc4 Bxc4 16. Rfd1 e6 17. Ng3 b5 18. Bh6 Qe7 19. Bxg7 Kxg7 20. Qf4 h5 21. e5 Bd5 22. Rd2 Rac8 23. Rf1 Rc4 24. h4 Rd8 25. Rfd1 a5 26.
Kh2 b4 27. Kh3 a4 28. Qe3 Rc3 29. Qf4 b3 30. axb3 axb3 31. Ne4 Bxe4 32. Qxe4 Rdc8 33.
Qf4 Rc2 34. Rxc2 Rxc2 35. Qe4 Qc7 36. Rb1 b2 37. Qf4 Kg8 38. Qe4 Qc3 39. Qa8+ Kg7 40.
Qd8 Qxd4 41. Qxd4 1-0

[Event "*** Titled Tuesday Blitz"]
[Site "Chess.com"]
[Date "2019.12.03"]
[Round "4"]
[White "wild_cat99"]
[Black "gemarin"]
[Result "1-0"]
[WhiteElo "2396"]
[BlackElo "2117"]
[TimeControl "180+2"]
[EndTime "13:52:12 PST"]
[Termination "wild_cat99 won on time"]

1. Nf3 d5 2. g3 c6 3. Bg2 Bf5 4.
O-O Nf6 5. d3 h6 6. Nbd2 e6 7.
b3 Be7 8. Bb2 Nbd7 9. Qe1 Bh7 10. e4 dxe4 11. dxe4 Qc7 12. Qe2 O-O 13. e5 Nd5 14. c4 Nb4 15. Ne4 Nc5 16. a3 Bxe4 17. axb4 Bd3 18. Qe3 Bxf1 19. Bxf1 Nd7 20. Bd3 Rfd8 21.
Qe4 Nf8 22. Bc3 Rd7 23. Bc2 a6 24. Ne1 Rad8 25. Nd3 Qb6 26. c5 Qc7 27. Nb2 Rd5 28.
Nc4 Ng6 29. Nd6 Bxd6 30. exd6 Qd7 31. f4 b6 32. Qc4 Ra8 33. Be4 Rh5 34. Qe2 Nxf4 35.
gxf4 Rh4 36. Rxa6 Rxa6 37. Qxa6 f5 38. Qa8+ Kh7 39. Bxc6 Qf7 40. Be8 Rg4+ 41. Kh1 Qg8 42. Bg6+ Rxg6 43. Qxg8+ Kxg8 44. d7 1-0

[Event "*** Titled Tuesday Blitz"]
[Site "Chess.com"]
[Date "2019.12.03"]
[Round "4"]
[White "GCamachoMartinez"]
[Black "vladimirdamjanovic"]
[Result "1-0"]
[WhiteElo "2440"]
[BlackElo "2585"]
[TimeControl "180+2"]
[EndTime "13:52:14 PST"]
[Termination "GCamachoMartinez won on time"]

1. d4 Nf6 2. c4 g6 3. Nc3 Bg7 4. e4 d6 5. f3 O-O 6. Be3 c5 7. Nge2 Nc6 8. Qd2 cxd4 9. Nxd4 Nxd4 10. Bxd4 Qa5 11. Rd1 Be6 12. Nd5 Qxd2+ 13. Rxd2 Nxd5 14. Bxg7 Kxg7 15. exd5 Bd7 16. Bd3 e5 17. dxe6 Bxe6 18.
Kf2 Rac8 19. b3 d5 20. cxd5 Bxd5 21. Re1 Be6 22. Be4 b6 23. Red1 f5 24. Bd5 Bxd5 25.
Rxd5 Rc2+ 26. R1d2 Rxd2+ 27. Rxd2 Rf7 28. f4 Rc7 29. h3 Kf7 30. g4 Ke7 31. gxf5 gxf5 32. Kg3 Rc3+ 33. Kh4 h6 34. Kh5 Rxh3+ 35. Kg6 Rf3 36.
Kxf5 Rf1 37. Rh2 Ra1 38. a4 Ra3 39. Rxh6 Rxb3 40. Rh7+ Kf8 41. Rxa7 Rc3 42. Ke5 Rc6 43. f5 Ke8 44. Rb7 Rc5+ 45. Kf4 Ra5 46. Kg5 Kf8 47. Kf6 1-0

[Event "*** Titled Tuesday Blitz"]
[Site "Chess.com"]
[Date "2019.12.03"]
[Round "4"]
[White "albi1999"]
[Black "1977Ivan"]
[Result "0-1"]
[WhiteElo "2589"]
[BlackElo "2785"]
[TimeControl "180+2"]
[EndTime "13:52:15 PST"]
[Termination "1977Ivan won by resignation"]

1. d4 Nf6 2. c4 c5 3. d5 b5 4. cxb5 a6 5. bxa6 g6 6. Nc3 Bxa6 7. e4 Bxf1 8. Kxf1 d6 9. Nf3 Bg7 10. g3 O-O 11. Kg2 Qb6 12. a4 Na6 13. Qe2 Nc7 14.
Ra3 Nd7 15. Bg5 f6 16. Be3 f5 17. exf5 Rxf5 18. g4 Rff8 19. Bg5 Rf7 20. Rd1 Raf8 21.
Nb5 Ne5 22. Nxe5 Rxf2+ 23. Qxf2 Rxf2+ 24. Kxf2 Nxb5 25. axb5 Bxe5 26. Ra8+ Kg7 27. Bxe7 Qxb5 28. Ra2 Bd4+ 29. Ke1 Qb4+ 30. Rd2 Be3 31. b3 Bxd2+ 32. Rxd2 Qf4 33. g5 Qe5+ 34. Re2 Qxd5 35. Bf6+ Kf8 36. Re3 Qh1+ 37. Kd2 Qxh2+ 38. Kc3 Qf4 39. Rd3 Kf7 40. Kc2 h5 0-1

[Event "*** Titled Tuesday Blitz"]
[Site "Chess.com"]
[Date "2019.12.03"]
[Round "4"]
[White "rasmussvane"]
[Black "Alopekos"]
[Result "1-0"]
[WhiteElo "2820"]
[BlackElo "2496"]
[TimeControl "180+2"]
[EndTime "13:52:19 PST"]
[Termination "rasmussvane won by resignation"]

1. Nf3 Nf6 2. g3 e6 3. Bg2 d5 4. O-O Be7 5. c4 O-O 6. b3 a5 7. Nc3 c6 8. Bb2 b6 9. d4 Ba6 10.
Nd2 c5 11. dxc5 bxc5 12. cxd5 exd5 13. Nc4 Bb7 14. Ne3 Ne4 15. Ncxd5 f5 16. Qd3 Bg5 17.
Rad1 Nc6 18. Nxf5 Nd2 19. Nxg7 Ba6 20. Qc3 Nd4 21. Rfe1 Nxe2+ 22. Rxe2 Bxe2 23. Ne6 Bf6 24. Qxd2 Bxd1 25. Nxd8 Bxb2 26. Ne7+ Kh8 27. Bxa8 Bd4 28. Qxd1 Rxf2 29. Qxd4+ cxd4 30. Kxf2 1-0

[Event "*** Titled Tuesday Blitz"]
[Site "Chess.com"]
[Date "2019.12.03"]
[Round "4"]
[White "PavelChernomordik"]
[Black "DenishevM"]
[Result "1-0"]
[WhiteElo "2455"]
[BlackElo "2606"]
[TimeControl "180+2"]
[EndTime "13:52:19 PST"]
[Termination "PavelChernomordik won by resignation"]

1. e4 c5 2. Nc3 e6 3. f4 d5 4.
Nf3 Nc6 5. Bb5 d4 6. Bxc6+ bxc6 7. Ne2 d3 8. cxd3 Qxd3 9. Nc3 Nf6 10. Ne5 Qd6 11.
Qa4 Bd7 12. d3 Be7 13. Be3 O-O 14. Qa5 Rab8 15. b3 h5 16. h3 h4 17. O-O-O Rb4 18. Nc4 Qb8 19. Bxc5 Rb5 20. Nxb5 Bxc5 21. Nc3 Bb4 22.
Qe5 Bxc3 23. Qxc3 Qxf4+ 24. Kb1 c5 25. Qe5 Qh6 26. Qxc5 Rc8 27. Qxa7 Bb5 28. Rhf1 Bxc4 29. dxc4 Nxe4 30. Qxf7+ Kh8 31. Qf4 Nc3+ 32. Kc2 Qxf4 33. Rxf4 Nxd1 34. Rxh4+ Kg8 35. Kxd1 Ra8 36. a4 Rb8 37.
Kc2 Kf7 38. c5 e5 39. Rc4 Ke6 40. c6 Kd6 41. c7 Rc8 42. Kd3 1-0

[Event "*** Titled Tuesday Blitz"]
[Site "Chess.com"]
[Date "2019.12.03"]
[Round "4"]
[White "GoldenShare"]
[Black "norwaytoadog"]
[Result "1-0"]
[WhiteElo "2462"]
[BlackElo "2290"]
[TimeControl "180+2"]
[EndTime "13:52:22 PST"]
[Termination "GoldenShare won by resignation"]

1. e4 e5 2. Nf3 Nc6 3. Bc4 Nf6 4. O-O Be7 5. d4 exd4 6. e5 Ne4 7. Re1 d5 8. Bb5 O-O 9. Bxc6 bxc6 10. Nxd4 c5 11. Nc6 Qe8 12. Qxd5 Bf5 13. Rxe4 Bxe4 14. Qxe4 Qd7 15.
Nxe7+ Qxe7 16. Nc3 Rad8 17. Be3 Qe6 18. Bxc5 Rfe8 19.
Bxa7 Rd7 20. Be3 f5 21. Qb4 Red8 22. Qb3 Kf7 23. Qxe6+ Kxe6 24. f4 g5 25. a4 gxf4 26. Bxf4 Rd4 27. g3 Rb4 28. b3 Rg8 29. Kf2 h5 30. a5 h4 31. a6 hxg3+ 32. hxg3 Ra8 33. a7 c5 34. Na4 c4 35. c3 Rxb3 36. Nc5+ Kd5 37.
Nxb3 cxb3 38. Ra4 b2 39. Rb4 Rxa7 40. Rxb2 Ke4 41. Re2+ Kd3 42. e6 Rh7 43. Re3+ Kd2 44. e7 Rh2+ 45. Kf3 1-0

[Event "*** Titled Tuesday Blitz"]
[Site "Chess.com"]
[Date "2019.12.03"]
[Round "4"]
[White "scrapnel"]
[Black "MITerryble"]
[Result "0-1"]
[WhiteElo "2701"]
[BlackElo "2866"]
[TimeControl "180+2"]
[EndTime "13:52:24 PST"]
[Termination "MITerryble won by resignation"]

1. Nf3 Nf6 2. c4 b6 3. g3 Bb7 4. Bg2 g6 5. O-O Bg7 6. d4 O-O 7. Qc2 e6 8. Nc3 d5 9. cxd5 exd5 10. Bf4 c6 11. Rad1 Nbd7 12. Rfe1 Re8 13. Ne5 Nh5 14. Nd3 Bxd4 15. e4 Nxf4 16. Nxf4 Be5 17. exd5 c5 18. Nd3 Bg7 19. Rxe8+ Qxe8 20. Nb5 Qd8 21. Nd6 Ba6 22. Re1 Bxd3 23. Qxd3 Ne5 24. Rxe5 Bxe5 25. Nc4 Bd4 26. d6 Rb8 27. a4 Qf6 28. Qe2 Rd8 29. Bc6 Qe6 30. Qf3 Qxc4 31. Bd5 Qc1+ 32. Kg2 Rf8 33.
d7 Qg5 34. Bc4 Qe7 35. Qd5 Rd8 0-1

[Event "*** Titled Tuesday Blitz"]
[Site "Chess.com"]
[Date "2019.12.03"]
[Round "4"]
[White "arminmusovic"]
[Black "vugarrasulov"]
[Result "0-1"]
[WhiteElo "2544"]
[BlackElo "2787"]
[TimeControl "180+2"]
[EndTime "13:52:25 PST"]
[Termination "vugarrasulov won by resignation"]

1. a3 a6 2. Nc3 d5 3. e3 Nf6 4. d3 e5 5. e4 dxe4 6. dxe4 Qxd1+ 7.
Kxd1 Bc5 8. f3 Nc6 9. Bg5 Be6 10. Bxf6 gxf6 11. Bd3 O-O 12. f4 Bg4+ 13. Ke1 exf4 14. Nge2 f3 15. gxf3 Bxf3 16. Rf1 Ne5 17. Nd5 c6 18.
Nxf6+ Kg7 19. Nc1 Kxf6 20. Be2 Kg5 21. Bxf3 Rad8 22. Be2 f5 23. exf5 Bd4 24. c3 Be3 25. Nb3 Rxf5 26. Rxf5+ Kxf5 27. Rd1 Rg8 28. Bd3+ Kf4 29.
Bf1 Rg1 30. Rd8 Rh1 31. Rf8+ Ke4 32. h3 c5 33. Kd1 Rh2 34. Rg8 Rxb2 35. Bg2+ Kd3 36.
Nc1+ Bxc1 37. Kxc1 Rc2+ 38. Kb1 Rxc3 39. Rg3+ Kd2 40. Rxc3 Kxc3 41. Bxb7 a5 42. Ka2 c4 43.
h4 h6 44. h5 Kd2 45. Be4 Nd3 46. Bd5 c3 47. Ka1 c2 0-1

[Event "*** Titled Tuesday Blitz"]
[Site "Chess.com"]
[Date "2019.12.03"]
[Round "4"]
[White "Msb2"]
[Black "ElGasanov"]
[Result "0-1"]
[WhiteElo "2813"]
[BlackElo "2689"]
[TimeControl "180+2"]
[EndTime "13:52:26 PST"]
[Termination "ElGasanov won by checkmate"]

1. d4 e6 2. c4 Bb4+ 3. Bd2 a5 4. g3 d6 5. Bg2 e5 6. e3 Nf6 7. Ne2 O-O 8. O-O Bxd2 9. Qxd2 Re8 10. Nbc3 e4 11. h3 c6 12. f3 exf3 13. Rxf3 d5 14. cxd5 cxd5 15. Raf1 Ra6 16. g4 h6 17. Nf4 Rd6 18. Nb5 Rd7 19. Nd3 Ne4 20. Qc1 Nc6 21. Nc3 Rde7 22. Nf4 Nf6 23. Kh1 Qd6 24. Qd2 Kh8 25.
a3 Ne4 26. Nfxd5 Nxd2 27. Nxe7 Rxe7 28. Rxf7 Nxf1 29. Rf8+ Kh7 30. Rxf1 Rxe3 31. Ne4 Qxd4 32. Rf4 Qe5 33. Rf8 Rxe4 34. Rf1 Re2 35. Rf5 Re1+ 36. Bf1 Qg3 37. Rf3 Qxf3+ 38. Kh2 Rxf1 39. h4 Rh1# 0-1

[Event "*** Titled Tuesday Blitz"]
[Site "Chess.com"]
[Date "2019.12.03"]
[Round "4"]
[White "AryanTari"]
[Black "Astaneh"]
[Result "1-0"]
[WhiteElo "2849"]
[BlackElo "2558"]
[TimeControl "180+2"]
[EndTime "13:52:30 PST"]
[Termination "AryanTari won on time"]

1. Nf3 Nf6 2. c4 g6 3. g3 Bg7 4.
Bg2 c6 5. O-O O-O 6. b3 d6 7. d4 e5 8. dxe5 Ng4 9. Bb2 dxe5 10.
h3 e4 11. Bxg7 Kxg7 12. hxg4 exf3 13. Bxf3 Nd7 14. Qd4+ Qf6 15. Qxf6+ Nxf6 16. g5 Ng4 17. Nc3 Ne5 18. Be4 Bh3 19. Rfd1 Rad8 20. f3 Bc8 21. Kf2 Nd7 22. Bc2 Nc5 23. e3 Bf5 24. Bxf5 gxf5 25. f4 h6 26. gxh6+ Kxh6 27. Ke2 Kh5 28. b4 Ne4 29.
Nxe4 fxe4 30. Rh1+ Kg4 31. Rh4+ Kxg3 32. Rh5 1-0

[Event "*** Titled Tuesday Blitz"]
[Site "Chess.com"]
[Date "2019.12.03"]
[Round "4"]
[White "kesarev"]
[Black "Kosche007"]
[Result "1-0"]
[WhiteElo "2495"]
[BlackElo "2314"]
[TimeControl "180+2"]
[EndTime "13:52:34 PST"]
[Termination "kesarev won by resignation"]

1. Nf3 Nf6 2. c4 g6 3. Nc3 Bg7 4. e4 d6 5. d4 O-O 6. h3 e5 7.
d5 Na6 8. Bg5 h6 9. Be3 Nc5 10.
Nd2 a5 11. g4 Nh7 12. Rg1 Kh8 13. Qf3 Bd7 14. Be2 Qe7 15. Qg2 Rg8 16. h4 Raf8 17.
O-O-O a4 18. h5 g5 19. b4 axb3 20. axb3 Na6 21. Kb2 Ra8 22. Ra1 Nb4 23. f3 Rgb8 24. Qh1 Bf8 25. Rxa8 Rxa8 26. Ra1 Qd8 27. Qb1 Be7 28. Na2 Nxa2 29. Rxa2 c5 30. dxc6 bxc6 31. Qa1 Rxa2+ 32. Qxa2 Qb8 33. Nb1 Nf6 34. Nc3 Qb7 35. Qa7 Qxa7 36. Bxa7 Kg7 37. b4 Kf8 38. b5 Ke8 39. b6 Bc8 40. c5 Kd7 41. Bc4 d5 42.
exd5 1-0

[Event "*** Titled Tuesday Blitz"]
[Site "Chess.com"]
[Date "2019.12.03"]
[Round "4"]
[White "BvsN"]
[Black "CaptainCasanova"]
[Result "0-1"]
[WhiteElo "2379"]
[BlackElo "2681"]
[TimeControl "180+2"]
[EndTime "13:52:36 PST"]
[Termination "CaptainCasanova won by resignation"]

1. d4 Nf6 2. c4 g6 3. Nc3 Bg7 4. e4 d6 5. Nge2 O-O 6. f3 b6 7. Be3 Ba6 8. Nf4 c5 9. d5 Nbd7 10. Be2 Ne5 11. b3 Qd7 12. Rc1 e6 13. O-O exd5 14.
Nfxd5 Nxd5 15. Nxd5 f5 16. exf5 gxf5 17. Qd2 Nc6 18.
Rcd1 Nd4 19. Bd3 Rae8 20. Bf2 Qf7 21. Ne3 Bb7 22. f4 Qg6 23. Bg3 h5 24. Nd5 Qg4 25.
Qf2 Nxb3 26. Kh1 Nd4 27. h3 Qg6 28. Bh4 Bxd5 29. cxd5 Bf6 30. Bxf6 Qxf6 31. g4 fxg4 32. hxg4 hxg4 33. Qg3 Qh6+ 34. Kg1 Kh8 35. Rd2 Nf5 36. Qg2 Ne3 37. Qg3 Nxf1 38. Kxf1 Qxf4+ 39. Qxf4 Rxf4+ 0-1

[Event "*** Titled Tuesday Blitz"]
[Site "Chess.com"]
[Date "2019.12.03"]
[Round "4"]
[White "MasterLeif"]
[Black "Kawhi_Leonard2"]
[Result "1-0"]
[WhiteElo "2452"]
[BlackElo "2277"]
[TimeControl "180+2"]
[EndTime "13:52:37 PST"]
[Termination "MasterLeif won by resignation"]

1. d4 Nf6 2. Bf4 e6 3. e3 d5 4.
Nf3 Bd6 5. Bd3 O-O 6. O-O c5 7. c3 Nc6 8. Nbd2 b6 9. Qe2 Bb7 10. h3 Re8 11. Ne5 Qc7 12. Ndf3 Ne4 13. Rad1 f6 14.
Nxc6 Bxf4 15. exf4 Bxc6 16. dxc5 Qxf4 17. Bxe4 Qxe4 18.
Qxe4 dxe4 19. Nd4 Bd5 20. cxb6 axb6 21. a3 f5 22. Rd2 g6 23. Rfd1 Kf7 24. Nb5 Re7 25.
c4 Bc6 26. Nd4 Rc8 27. b4 e5 28. Nxc6 Rxc6 29. c5 bxc5 30. b5 Rc8 31. b6 c4 32. a4 c3 33. Rc2 Rc5 34. Ra1 Ke6 35. a5 Rb7 36. a6 Rxb6 37. a7 Rc8 38. a8=Q Rxa8 39. Rxa8 1-0

[Event "*** Titled Tuesday Blitz"]
[Site "Chess.com"]
[Date "2019.12.03"]
[Round "4"]
[White "jmduque"]
[Black "Laico"]
[Result "0-1"]
[WhiteElo "2472"]
[BlackElo "2339"]
[TimeControl "180+2"]
[EndTime "13:52:40 PST"]
[Termination "Laico won on time"]

1. Nf3 e6 2. c4 f5 3. g3 b6 4. Bg2 Bb7 5. O-O Nf6 6. Nc3 Bb4 7.
Qc2 O-O 8. a3 Bxc3 9. Qxc3 Qe8 10. b4 d6 11. Bb2 Nbd7 12. Rfe1 Qh5 13. d3 e5 14. d4 e4 15. Nh4 Rae8 16. d5 Ne5 17.
Rad1 Bc8 18. c5 g5 19. f4 gxf4 20. gxf4 Qxh4 21. fxe5 Ng4 22. h3 Nxe5 23. Kh1 f4 24.
Rg1 Kf7 25. Bxe4 Bxh3 26. Rg5 Bd7+ 27. Kg1 Qxg5+ 28. Bg2 Rg8 0-1

[Event "*** Titled Tuesday Blitz"]
[Site "Chess.com"]
[Date "2019.12.03"]
[Round "4"]
[White "vovachesss"]
[Black "ruvat"]
[Result "0-1"]
[WhiteElo "2558"]
[BlackElo "2397"]
[TimeControl "180+2"]
[EndTime "13:52:41 PST"]
[Termination "ruvat won by resignation"]

1. d4 d6 2. Nc3 Nf6 3. e4 g6 4.
Nf3 Bg7 5. Bc4 O-O 6. O-O Bg4 7. Bb3 Nc6 8. Be3 e5 9. d5 Nd4 10. Bxd4 exd4 11. Qxd4 Bxf3 12. gxf3 Nh5 13. Qe3 Be5 14. Ne2 Qh4 15. f4 Bxf4 16. Nxf4 Nxf4 17. Kh1 Rae8 18.
Rg1 Re5 19. Qg3 Qf6 20. Rae1 Rfe8 21. f3 Rh5 22. c3 Ree5 23. Rgf1 Reg5 24. Qf2 Rg2 25.
Qxg2 Nxg2 26. Kxg2 Qf4 27. Rf2 Rxh2+ 28. Kf1 Rh1+ 29.
Ke2 Rxe1+ 30. Kxe1 Qc1+ 31. Bd1 g5 32. Rg2 Kg7 33. Rc2 Qe3+ 34. Kf1 h5 35. Rg2 h4 36. Rh2 Kf6 37. Re2 Qf4 38. Rg2 h3 39. Rg4 Qd2 40. Be2 h2 0-1

[Event "*** Titled Tuesday Blitz"]
[Site "Chess.com"]
[Date "2019.12.03"]
[Round "4"]
[White "DeviatkinAndrey"]
[Black "Niklas2304"]
[Result "1-0"]
[WhiteElo "2679"]
[BlackElo "2375"]
[TimeControl "180+2"]
[EndTime "13:52:43 PST"]
[Termination "DeviatkinAndrey won by resignation"]

1. d4 Nf6 2. Nf3 c5 3. d5 b5 4.
Bg5 Qb6 5. Bxf6 Qxf6 6. c3 g6 7. e4 Bg7 8. Bxb5 Qb6 9. Qe2 O-O 10. O-O e6 11. Bc4 Ba6 12. Na3 exd5 13. exd5 d6 14.
Bxa6 Nxa6 15. Nc4 Qd8 16. Rfe1 Bf6 17. g3 Nc7 18. Rad1 Rb8 19. Qd3 Qd7 20. b3 Nb5 21.
Rc1 Rbe8 22. Re3 Rxe3 23. Nxe3 Re8 24. a4 Nc7 25. Kg2 h5 26. h4 Rb8 27. Rb1 Ne8 28. Nd2 Bg7 29. Ne4 Nf6 30. Nxf6+ Bxf6 31. a5 Kg7 32. b4 Qb5 33. Qxb5 Rxb5 34. Nc4 cxb4 35. Nxd6 Rxd5 36. Ne8+ Kf8 37. Nxf6 Rd6 38. Ne4 1-0

[Event "*** Titled Tuesday Blitz"]
[Site "Chess.com"]
[Date "2019.12.03"]
[Round "4"]
[White "Misticpikachu"]
[Black "Egorov_Pavel"]
[Result "0-1"]
[WhiteElo "2283"]
[BlackElo "2375"]
[TimeControl "180+2"]
[EndTime "13:52:47 PST"]
[Termination "Egorov_Pavel won on time"]

1. c4 Nf6 2. Nc3 d5 3. cxd5 Nxd5 4. g3 g6 5. Bg2 Nb6 6. Nf3 Bg7 7. O-O O-O 8. b3 a5 9. Bb2 Nc6 10. d3 e5 11. Rc1 Nd4 12. Nxd4 exd4 13. Ne4 Nd5 14. Qd2 a4 15. Nc5 axb3 16. axb3 Nc3 17. Na4 Nxa4 18. bxa4 Rxa4 19. Qc2 Ra2 20. Qb3 Be6 21.
Qxb7 Qb8 22. Ba1 Qxb7 23. Bxb7 Rxe2 24. Rxc7 Bf5 25. Rd1 Bxd3 26. Bf3 Ra2 27. Rxd3 Rxa1+ 28. Kg2 Ra5 29. Rb3 Rf5 30. Rbb7 h5 31. Rd7 Rc8 32. Bd5 Rc2 33. Bxf7+ Kh8 34. Bxg6 Rfxf2+ 35. Kg1 Rg2+ 36. Kf1 Rcf2+ 37. Ke1 Re2+ 38. Kd1 Ref2 39. Rb8+ Bf8 40. Bd3 Rg1+ 0-1

[Event "*** Titled Tuesday Blitz"]
[Site "Chess.com"]
[Date "2019.12.03"]
[Round "4"]
[White "VeraNebolsina"]
[Black "BlueWizzard"]
[Result "0-1"]
[WhiteElo "2382"]
[BlackElo "2740"]
[TimeControl "180+2"]
[EndTime "13:52:48 PST"]
[Termination "BlueWizzard won by resignation"]

1. e4 a6 2. d4 g6 3. Nf3 b5 4. a4 Bb7 5. axb5 axb5 6. Rxa8 Bxa8 7. d5 c6 8. c4 bxc4 9. Bxc4 Nf6 10. Nc3 Bg7 11.
d6 O-O 12. O-O Ne8 13. Bf4 exd6 14. Bxd6 Nxd6 15. Qxd6 Qf6 16. Qxf6 Bxf6 17. e5 Be7 18. Ra1 Bb7 19. Ra7 Bc8 20. Ne4 c5 21. Bd5 Na6 22.
Nfg5 Kg7 23. f4 Nb4 24. Bc4 h6 25. Nf3 Nc6 26. Ra8 Bb7 27. Rxf8 Bxf8 28. Nfd2 g5 29. g3 Be7 30. Kf2 Nd4 31. Nd6 Bxd6 32. exd6 Nf5 33. fxg5 hxg5 34. Bb5 Nxd6 35. Bxd7 Kf6 36. Ke3 Ke7 37. Bg4 f5 38. Be2 Kf6 39. h4 f4+ 40. gxf4 gxh4 41. Nf3 Nf5+ 42. Kf2 h3 43.
Bf1 Nd4 44. Nh2 Bc8 45. Kg3 Nf5+ 46. Kf2 Nd6 47. Kg3 Ne4+ 48. Kf3 Nd2+ 49. Kf2 Nxf1 50.
Kxf1 Kf5 51. Kf2 Kxf4 52. Nf1 Be6 0-1

[Event "*** Titled Tuesday Blitz"]
[Site "Chess.com"]
[Date "2019.12.03"]
[Round "4"]
[White "Vuks91"]
[Black "Saitama_Hero"]
[Result "1-0"]
[WhiteElo "2632"]
[BlackElo "2328"]
[TimeControl "180+2"]
[EndTime "13:52:52 PST"]
[Termination "Vuks91 won by checkmate"]

1. e4 e5 2. Nf3 Nc6 3. Nc3 Nf6 4. Bb5 d6 5. d4 exd4 6. Nxd4 Bd7 7. Bxc6 bxc6 8. Qf3 g6 9. e5 Ng4 10. e6 fxe6 11.
Qxg4 e5 12. Qe2 Be7 13. Nf3 O-O 14. Bh6 Rf7 15. h3 Rb8 16. O-O-O Qc8 17. b3 Qb7 18. Kb1 Qb4 19. Ne4 a5 20. Nxe5 dxe5 21. Rxd7 a4 22.
Rhd1 a3 23. f3 Re8 24. Bg5 Bxg5 25. Rxf7 Be7 26. Rxe7 Qxe7 27. Qc4+ Kh8 28. Qc5 Qg7 29. Qxa3 h5 30. h4 Qh6 31. Ng5 Qg7 32. Qc5 e4 33. Nxe4 Kh7 34. Qd4 Re5 35. Qd7 Re7 36. Qxc6 Qe5 37.
Qf6 Qxf6 38. Nxf6+ Kg7 39. Rd7 Kxf6 40. Rxe7 Kxe7 41. a4 Kf6 42. a5 Kf5 43. a6 Kf4 44. a7 Kg3 45. a8=Q Kxg2 46. Qc6 Kg3 47. Qxg6+ Kxh4 48. Kc1 c5 49. Kd1 c4 50. Ke1 c3 51. Kf2 Kh3 52.
Qg3# 1-0

[Event "*** Titled Tuesday Blitz"]
[Site "Chess.com"]
[Date "2019.12.03"]
[Round "4"]
[White "TST2014"]
[Black "tteshan"]
[Result "0-1"]
[WhiteElo "2503"]
[BlackElo "2356"]
[TimeControl "180+2"]
[EndTime "13:52:52 PST"]
[Termination "tteshan won by resignation"]

1. d4 d5 2. c4 dxc4 3. Nf3 Nf6 4. e3 Bg4 5. Bxc4 e6 6. h3 Bh5 7. Nc3 a6 8. Be2 Nc6 9. b3 Bd6 10. Bb2 O-O 11. O-O Re8 12. e4 Bxf3 13. Bxf3 Nxd4 14. e5 Nxf3+ 15. Qxf3 Bxe5 16. Qxb7 Qd2 17. Na4 Bxb2 18. Nxb2 Qxb2 19. Qxc7 Rac8 20. Qb6 Qe2 21. Rfe1 Qb5 22. Qe3 Nd5 23. Qd4 Qb4 24. Qd3 a5 25.
a3 Qc3 26. Qb5 Rb8 27. Qa4 Rec8 28. Rab1 Qd2 29. Red1 Qf4 30. Qxa5 Ra8 31. Qb5 Nc3 32.
g3 Nxb5 33. gxf4 Nc3 34. a4 Nxd1 35. Rxd1 Rab8 36. Rb1 Rc4 37. a5 Rxf4 38. a6 Rfb4 39. Kf1 Ra8 40. a7 Rxa7 41. Rc1 Kf8 42. Rc8+ Ke7 43.
Rb8 Rxb8 0-1

[Event "*** Titled Tuesday Blitz"]
[Site "Chess.com"]
[Date "2019.12.03"]
[Round "4"]
[White "aa175"]
[Black "PawnEatingZombie"]
[Result "1-0"]
[WhiteElo "2336"]
[BlackElo "2122"]
[TimeControl "180+2"]
[EndTime "13:52:56 PST"]
[Termination "aa175 won by resignation"]

1. d4 d5 2. Nf3 e6 3. Bf4 Bd6 4. Bg3 Nf6 5. e3 c5 6. Nbd2 Qc7 7. c3 Nbd7 8. dxc5 Qxc5 9. Bxd6 Qxd6 10. Bd3 b6 11. a4 a6 12. O-O Bb7 13. Re1 O-O 14.
e4 dxe4 15. Nxe4 Qc7 16. Nxf6+ Nxf6 17. Qe2 Rfd8 18. Nd4 h6 19. Bc2 Rd5 20. Bb3 Rg5 21.
f3 Nd5 22. Bxd5 Bxd5 23. Qf2 Bb7 24. Re2 Rd5 25. Nc2 Rad8 26. Rae1 R5d7 27. Nd4 Qc4 28. Qg3 Qxa4 29. Qf4 Qa5 30. Re5 Qa2 31. R1e2 Bd5 32. h3 Qb1+ 33. Kh2 b5 34. Rh5 Qg6 35. Rhe5 Bc4 36. Re1 Rd5 37. Nc6 R8d7 38. Rxd5 Bxd5 39. Ne5 1-0

[Event "*** Titled Tuesday Blitz"]
[Site "Chess.com"]
[Date "2019.12.03"]
[Round "4"]
[White "x-3738459472"]
[Black "AbasovN"]
[Result "0-1"]
[WhiteElo "2548"]
[BlackElo "2794"]
[TimeControl "180+2"]
[EndTime "13:52:57 PST"]
[Termination "AbasovN won by resignation"]

1. d4 Nf6 2. Nf3 e6 3. Bf4 c5 4. e3 d5 5. c3 Nc6 6. Bd3 Bd6 7. Bg3 O-O 8. Nbd2 b6 9. e4 Be7 10. e5 Nh5 11. Ng5 Bxg5 12. Qxh5 g6 13. Qe2 cxd4 14. h4 Bh6 15. h5 dxc3 16. bxc3 Qe7 17. hxg6 Bxd2+ 18. Qxd2 fxg6 19. Bh4 Qg7 20. Bf6 Rxf6 21.
exf6 Qxf6 22. Rc1 Bd7 23. Qh6 Qg7 24. Qg5 Qe5+ 25. Qxe5 Nxe5 26. Kd2 Rc8 27. f4 Nxd3 28. Kxd3 Rc4 29. g3 Bb5 30. Ke3 Re4+ 31. Kf3 Ra4 32. Rh2 Bd3 33. Kg4 Kg7 34. Rch1 h5+ 35. Kg5 Bf5 36. Re1 Rc4 37. Re3 Bg4 38. Rh1 Rc5 39.
Rhe1 d4+ 40. Re5 Rxc3 41. f5 Bxf5 42. g4 Rg3 43. Kf4 0-1

[Event "*** Titled Tuesday Blitz"]
[Site "Chess.com"]
[Date "2019.12.03"]
[Round "4"]
[White "Godzillator"]
[Black "LastHeroJr"]
[Result "1/2-1/2"]
[WhiteElo "2361"]
[BlackElo "2541"]
[TimeControl "180+2"]
[EndTime "13:52:57 PST"]
[Termination "Game drawn by agreement"]

1. d4 Nf6 2. c4 g6 3. Nc3 Bg7 4. e4 d6 5. Be2 O-O 6. Bg5 c5 7. d5 e6 8. Qd2 exd5 9. exd5 Re8 10. Nf3 Qb6 11. O-O Bf5 12. h3 Ne4 13. Nxe4 Bxe4 14.
Rae1 Nd7 15. b3 a5 16. Bd1 a4 17. Bf4 axb3 18. axb3 Bxf3 19. Rxe8+ Rxe8 20. Bxf3 Be5 21. Bd1 Qb4 22. Qxb4 cxb4 23. Bd2 Bc3 24. Be3 Ra8 25. f4 f5 26. g4 Nf6 27. gxf5 gxf5 28. Bc2 Ne4 29. Bxe4 fxe4 30. f5 Kf7 31. Bf4 Bd4+ 32.
Kh1 e3 33. Bxd6 e2 34. Rb1 Bf2 35. Bxb4 Kf6 36. Be1 Bd4 37. Kg2 Kxf5 38. Kf3 Re8 39. Bd2 Bc5 40. Re1 Ra8 41. Rxe2 Ra3 42. Kg2 Rxb3 43.
Be1 h5 44. Rd2 Bd6 45. Bf2 Rc3 46. c5 Bxc5 47. d6 Bxf2 48. Rxf2+ Ke6 49. Rb2 Kxd6 50.
Rxb7 Rc5 51. Rf7 Ke6 52. Rf3 Rf5 53. Rxf5 Kxf5 1/2-1/2

[Event "*** Titled Tuesday Blitz"]
[Site "Chess.com"]
[Date "2019.12.03"]
[Round "4"]
[White "nitpicker"]
[Black "HouseOfDurin"]
[Result "0-1"]
[WhiteElo "2293"]
[BlackElo "2124"]
[TimeControl "180+2"]
[EndTime "13:52:57 PST"]
[Termination "HouseOfDurin won by resignation"]

1. d4 Nf6 2. c4 c5 3. d5 b5 4. cxb5 a6 5. bxa6 Bxa6 6. Nc3 d6 7. e4 Bxf1 8. Kxf1 Nbd7 9. Nf3 g6 10. g3 Bg7 11. Kg2 O-O 12. Qe2 Ng4 13. h3 Nge5 14.
Nd2 Nb6 15. f4 Ned7 16. Nf3 Na4 17. e5 Ndb6 18. Rd1 Nxc3 19. bxc3 Ra4 20. Qb5 Qc7 21. Be3 Rfa8 22. Qb3 Nc4 23. Bf2 dxe5 24. fxe5 Nxe5 25. Rd2 Nxf3 26. Kxf3 Qe5 27. Re1 Qxc3+ 28. Ke2 Re4+ 29.
Kf1 Rxe1+ 30. Bxe1 Ra3 31. Qb8+ Bf8 32. Re2 Qf3+ 33.
Bf2 Qh1+ 34. Bg1 Rf3+ 35. Ke1 Qxg1+ 36. Kd2 Qd4+ 37. Kc2 Rc3+ 0-1

[Event "*** Titled Tuesday Blitz"]
[Site "Chess.com"]
[Date "2019.12.03"]
[Round "4"]
[White "LiamVrolijk"]
[Black "KRASAVCHIK2002"]
[Result "0-1"]
[WhiteElo "2735"]
[BlackElo "2473"]
[TimeControl "180+2"]
[EndTime "13:52:59 PST"]
[Termination "KRASAVCHIK2002 won on time"]

1. d4 Nf6 2. Bg5 Ne4 3. Bf4 c5 4. f3 Qa5+ 5. c3 Nf6 6. d5 e6 7. e4 Nh5 8. Be3 d6 9. Na3 Nf6 10. Bb5+ Bd7 11. Bxd7+ Nbxd7 12. dxe6 fxe6 13. Qb3 Kf7 14.
Nh3 h6 15. Nf4 Re8 16. O-O Qb6 17. Qc2 g5 18. Ne2 Be7 19. Rad1 Rhf8 20. f4 Kg7 21. h3 g4 22. f5 e5 23. Ng3 Kh7 24. Kh2 Rg8 25. Qd2 gxh3 26. Rf3 Qc6 27. gxh3 Nxe4 28. Nxe4 Qxe4 29. Rdf1 Nf6 30. Bxh6 Qh4 31. Be3 e4 32. Rf4 Ng4+ 0-1